 Dungeon Sprint DCSS version 0.28-a0-1234-g826d19b2e0 (webtiles) character file.

Game seed: 5627071168217430985

1340 rocky1 the Fighter (level 8, -8/101 HPs)
             Began as an Ogre Hunter on Dec 24, 2021.
             Was an Elder of Okawaru.
             Mangled by a freezing wraith (11 damage)
             ... in the Dungeon (Sprint VII: "The Pits").
             The game lasted 00:05:18 (1522 turns).

rocky1 the Fighter (Ogre Hunter)                    Turns: 1522, Time: 00:05:20

Health: -8/101     AC:  3    Str: 17    XL:     8   Next: 62%
Magic:  15/15      EV: 14    Int: 12    God:    Okawaru [****..]
Gold:   0          SH:  0    Dex: 11    Spells: 7/7 levels left

rFire   . . .      SeeInvis .   i - +2 hand axe (vorpal)
rCold   . . .      Faith    .   (no shield)
rNeg    . . .      Spirit   .   b - +0 robe
rPois   .          Reflect  .   (helmet restricted)
rElec   .          Harm     .   (no cloak)
rCorr   .          Rampage  .   (gloves unavailable)
Will    .....      NoTele   +   (boots unavailable)
Stlth   +++.......              (no amulet)
HPRegen 0.26/turn               (no ring)
MPRegen 0.14/turn               (no ring)

@: heroic, slowed, very slow
A: large, unfitting armour, tough skin 1
a: Renounce Religion, Heroism, Finesse


You were in the Dungeon.
You worshipped Okawaru.
Okawaru was greatly pleased with you.
You visited 1 branch

Inventory:

Hand Weapons
 a - a +1 vorpal flail
 i - a +2 vorpal hand axe (weapon)
 k - a +0 dagger of venom
 l - a +1 long sword of holy wrath
Missiles
 c - 4 large rocks (quivered)
 d - 2 throwing nets
 p - 4 silver javelins
Armour
 b - a +0 robe (worn)
Scrolls
 o - 5 scrolls of amnesia
Potions
 e - 6 potions of curing
 f - 2 potions of heal wounds
 g - a potion of haste
 h - 4 potions of magic
 m - a potion of berserk rage
 n - 2 potions of invisibility


   Skills:
 + Level 12.4(17.4) Fighting
 + Level 9.2(14.2) Axes
 + Level 4.3(9.3) Throwing
 + Level 0.5(5.5) Armour
 + Level 8.8(13.8) Dodging
 - Level 0.6(5.6) Stealth
 - Level 10.0 Invocations


You had 7 spell levels left.
You didn't know any spells.
Your spell library was empty.

Dungeon Overview and Level Annotations

Branches:
Dungeon (1/1)

Altars:
Ashenzari
Cheibriados
Dithmenos
Elyvilon
Fedhas
Gozag
Hepliaklqana
Kikubaaqudgha
Makhleb
Nemelex Xobeh
Okawaru
Qazlal
Ru
Sif Muna
Trog
Uskayaw
Vehumet
Wu Jian
Xom
Yredelemnul
Zin
The Shining One
Beogh
Jiyva
Lugonu


Innate Abilities, Weirdness & Mutations

You are too large for most types of armour.
You have tough skin. (AC +1)


Message History

You barely miss the freezing wraith.
The freezing wraith is lightly damaged.
The freezing wraith hits you!
* * * LOW HITPOINT WARNING * * *
The freezing wraith freezes you!
* * * LOW HITPOINT WARNING * * *
The freezing wraith misses you.
You feel much better. The freezing wraith hits you.
The freezing wraith freezes you!!
* * * LOW HITPOINT WARNING * * *
The freezing wraith hits you.
* * * LOW HITPOINT WARNING * * *
The freezing wraith drains your vigour!
You feel as though you will be slow longer.
The freezing wraith closely misses you. The freezing wraith misses you.
You feel much better. The freezing wraith hits you!
* * * LOW HITPOINT WARNING * * *
The freezing wraith freezes you!!
* * * LOW HITPOINT WARNING * * *
The freezing wraith closely misses you.
Unknown command.
You feel much better. The freezing wraith closely misses you.
The freezing wraith misses you. The freezing wraith closely misses you.
The freezing wraith hits you.
* * * LOW HITPOINT WARNING * * *
Unknown command.
You feel much better. The freezing wraith hits you.
The freezing wraith freezes you!!
* * * LOW HITPOINT WARNING * * *
The freezing wraith hits you!
* * * LOW HITPOINT WARNING * * *
The freezing wraith drains your vigour!
You feel as though you will be slow longer.
Blink to where?
Press: ? - help, Dir - move target, p - freezing wraith
As you read the scroll of blinking, it crumbles to dust.
The freezing wraith hits you!
* * * LOW HITPOINT WARNING * * *
The freezing wraith freezes you!
You die...

#.#..#..))[##.......#
#'###########.......#
#†......#..##########
#.###...#†# ####
#.#.....#†#....#
#.#...#.#'#o...#
#.....#.#§(o...+
#...###.#W#o...#
#....)..@.# ...#
########### ###


You could see a freezing wraith and 2 orcs.

Vanquished Creatures
  A smoke demon (D)
  Prince Ribbit (D)
  A flying skull (D)
  2 wargs (D)
  2 floating eyes (D)
  A scorpion (D)
  An orc priest (D)
  A gnoll shaman (D)
  An orc wizard (D)
  An adder (D)
  5 gnolls (D)
  5 orcs (D)
  An endoplasm (D)
  2 jackals (D)
  2 ball pythons (D)
  A quokka zombie (D)
  2 rats (D)
30 creatures vanquished.

Notes
Turn   | Place    | Note
-------+----------+-------------------------------------------
     0 | D        | rocky1 the Ogre Hunter began the quest for the Orb.
     0 | D        | Reached XP level 1. HP: 22/22 MP: 1/1
    13 | D        | Reached skill level 3 in Fighting
    19 | D        | Found a bloodstained altar of Trog.
    19 | D        | Found a shimmering blue altar of Sif Muna.
    19 | D        | Found a viscous altar of Jiyva.
    19 | D        | Found a hazy altar of Hepliaklqana.
    19 | D        | Found an opulent altar of Gozag.
    21 | D        | Found a glowing golden altar of the Shining One.
    21 | D        | Found a glowing silver altar of Zin.
    21 | D        | Found a basalt altar of Yredelemnul.
    21 | D        | Found a shimmering altar of Xom.
    21 | D        | Found an ornate altar of the Wu Jian Council.
    21 | D        | Found a sacrificial altar of Ru.
    21 | D        | Found a stormy altar of Qazlal.
    21 | D        | Found an iron altar of Okawaru.
    21 | D        | Found a sparkling altar of Nemelex Xobeh.
    21 | D        | Found a burning altar of Makhleb.
    21 | D        | Found a blossoming altar of Fedhas.
    21 | D        | Found a white marble altar of Elyvilon.
    21 | D        | Found a shadowy altar of Dithmenos.
    21 | D        | Found a snail-covered altar of Cheibriados.
    24 | D        | Found a corrupted altar of Lugonu.
    24 | D        | Found a radiant altar of Vehumet.
    25 | D        | Found an ancient bone altar of Kikubaaqudgha.
    25 | D        | Found a hide-covered altar of Uskayaw.
    25 | D        | Found a broken altar of Ashenzari.
    29 | D        | Became a worshipper of Warmaster Okawaru
    58 | D        | Reached skill level 1 in Invocations
    85 | D        | Noticed a floating eye
    88 | D        | Paralysed by a floating eye for 4 turns
    94 | D        | Paralysed by a floating eye for 3 turns
    98 | D        | Killed a floating eye
    98 | D        | Reached * piety under Okawaru
    98 | D        | Reached ** piety under Okawaru
    99 | D        | Reached skill level 6 in Fighting
    99 | D        | Reached XP level 2. HP: 37/37 MP: 1/5
    99 | D        | Reached XP level 3. HP: 45/45 MP: 1/6
    99 | D        | Reached XP level 4. HP: 53/53 MP: 1/7
   273 | D        | Reached XP level 5. HP: 61/61 MP: 8/8
   275 | D        | Reached skill level 5 in Invocations
   284 | D        | Reached skill level 7 in Fighting
   284 | D        | Reached skill level 5 in Dodging
   285 | D        | Reached skill level 5 in Axes
   558 | D        | Noticed Prince Ribbit
   565 | D        | Noticed a floating eye
   567 | D        | Killed a floating eye
   568 | D        | Reached skill level 8 in Fighting
   568 | D        | Reached XP level 6. HP: 68/74 MP: 9/11
   568 | D        | Noticed a flying skull
   581 | D        | Killed a flying skull
   581 | D        | Reached *** piety under Okawaru
   581 | D        | Killed Prince Ribbit
   582 | D        | Reached skill level 10 in Fighting
   582 | D        | Reached XP level 7. HP: 13/87 MP: 10/13
   906 | D        | Noticed a warg
   917 | D        | Killed a warg
   918 | D        | Reached skill level 11 in Fighting
   968 | D        | Reached XP level 8. HP: 56/97 MP: 14/14
  1199 | D        | Noticed a smoke demon
  1211 | D        | Killed a smoke demon
  1211 | D        | Reached **** piety under Okawaru
  1211 | D        | Received a gift from Okawaru
  1212 | D        | Reached skill level 12 in Fighting
  1427 | D        | Reached skill level 10 in Invocations
  1504 | D        | Noticed a freezing wraith
  1522 | D        | HP: 3/101 [freezing wraith (10)]
  1522 | D        | Mangled by a freezing wraith

Illustrated notes

Levels and vault maps discovered:
D:        pitsprint [storerooms_1, entrance_room_1, metal_vault_5, armoury_1,
          mini_pit_1, grid_room_1, main_hall_1, silver_pit, the_coven_3,
          the_vestibule_1, steel_vault_3, golden_pit, hallway_of_sentries,
          crystal_vault_5, iron_vault_2, final_vault]

Skill      XL: |  1  2  3  4  5  6  7  8 |
---------------+-------------------------+-----
Fighting       | 6 8 10 11 12 | 12.4
Dodging        | 4 6 7 8 |  8.8
Invocations    | 4 6 8 9 10 | 10.0
Axes           | 4 6 7 8 9 |  9.2
Throwing       | |  4.3
Armour         | |  0.5
Stealth        | |  0.6

Action                   |  1- 3 |  4- 6 |  7- 9 || total
-------------------------+-------+-------+-------++-------
Melee: Hand axe          |     7 |    33 |    52 ||    92
Throw: Large rock        |     3 |     5 |     1 ||     9
       Throwing net      |       |     1 |       ||     1
Invok: Heroism           |       |       |     4 ||     4
  Use: Potion            |       |     2 |     4 ||     6
       Scroll            |       |       |     1 ||     1
Armor: Robe              |     3 |     2 |     4 ||     9
Dodge: Dodged            |     1 |     9 |    32 ||    42

Table legend: (Time is in decaauts)
 A = Elapsed time spent in this place.
 B = Non-inter-level travel time spent in this place.
 C = Inter-level travel time spent in this place.
 D = Time resting spent in this place.
 E = Time spent auto-exploring this place.
 F = Levels seen in this place.
 G = Mean time per level.
                   A        B        C        D        E       F      G
               +--------+--------+--------+--------+--------+-----+--------+
         Total |   1532 |   1500 |     32 |   1149 |      0 |   1 | 1532.0 |
       Dungeon |   1532 |   1500 |     32 |   1149 |      0 |   1 | 1532.0 |
               +--------+--------+--------+--------+--------+-----+--------+

Top non-repeatable levels by time:
       D: 1532 daAuts
